Map: Heavy Artillery LE

Players

WoahPasssan - Winner!

  • Race: Terran Terran
  • League: Diamond
  • Spawn Location: 7:00

SeafimV - Winner!

  • Race: Terran Terran
  • Spawn Location: 7:00

Nigrnog

  • Race: Zerg Zerg
  • League: Gold
  • Spawn Location: 3:00

MooEsqoo

  • Race: Protoss Protoss
  • Spawn Location: 1:00

VOD

Have the link to the VOD?

Description

Time

  • Played on: Jan. 23, 2020, 9:35 a.m.
  • Length: 15:49
Show
View Real Time Build Order
Export as new Build Order

WoahPasssan Terran - Winner!

Build Orders: 2 Factory, Mech 

Get SALT Encoding   

  12  0:01  SCV  
  13  0:13  SCV  
  14  0:18  Supply Depot  
  14  0:25  SCV  
  14  0:27  Refinery  
  15  0:40  SCV  
  16  0:45  Barracks  
  16  0:52  SCV  
  17  1:04  SCV  
  18  1:17  SCV  
  19  1:32  Reaper, Orbital Command  
  20  1:44  Command Center  
  20  1:57  SCV  
  20  1:58  Supply Depot  
  21  2:06  Factory  
  21  2:10  SCV  
  22  2:16  Factory  
  22  2:23  SCV, Barracks Reactor  
  22  2:24  Refinery  
  23  2:34  Supply Depot  
  23  2:35  SCV  
  24  2:48  SCV  
  26  2:59  Orbital Command  
  26  3:00  SCV  
  26  3:09  Starport  
  26  3:12  Barracks Tech Lab  
  26  3:20  SCV  
  26  3:25  SCV  
  27  3:29  Engineering Bay  
  27  3:32  SCV  
  28  3:36  Marine, Command Center  
  28  3:37  SCV  
  30  3:44  SCV  
  30  3:46  Hellion x2  
  35  3:49  SCV  
  36  4:04  Barracks Tech Lab  
  36  4:10  Factory  
  36  4:14  Factory  
  36  4:20  Banshee  
  36  4:21  Cloaking Field  
  39  4:27  SCV x2, Supply Depot  
  39  4:28  Supply Depot  
  41  4:31  Refinery  
  40  4:39  SCV x2  
  38  4:51  SCV x2  
  38  4:52  Marine  
  38  5:01  Engineering Bay  
  38  5:03  Orbital Command  
  36  5:26  Banshee  
  39  5:29  Factory Tech Lab x2  
  39  5:33  SCV x3  
  42  5:40  Missile Turret x2  
  42  5:44  Missile Turret  
  42  5:45  SCV x3  
  45  5:57  SCV x3  
  48  6:09  SCV  
  48  6:11  Factory  
  46  6:55  Banshee  
  46  6:59  Siege Tank x2  
  55  7:05  Refinery, SCV x3  
  58  7:17  SCV  
  58  7:19  Orbital Command  
  58  7:21  SCV  
  57  7:29  SCV  
  58  7:33  SCV  
  59  7:42  SCV  
  60  7:45  SCV x2  
  62  7:54  SCV  
  62  7:57  SCV  
  62  7:58  SCV  
  65  8:01  Factory  
  65  8:02  Factory  
  65  8:04  Hellion x2  
  65  8:05  Siege Tank x3  
  78  8:06  SCV  
  78  8:09  SCV  
  81  8:27  SCV x3  
  81  8:28  Factory  
  81  8:30  Refinery  
  81  8:32  Refinery  
  83  8:36  Command Center  
  83  8:38  Supply Depot  
  83  8:39  SCV x2  
  85  8:50  Factory Reactor  
  85  8:51  Factory Reactor  
  85  8:58  SCV x2  
  85  9:00  Missile Turret x2  
  85  9:01  Missile Turret  
  87  9:02  Missile Turret  
  87  9:03  Missile Turret  
  87  9:05  Hellion x2  
  87  9:06  Missile Turret  
  91  9:16  Hellion x2  
  95  9:17  Siege Tank x2  
  101  9:26  Armory  
  101  9:30  Armory  
  101  9:36  Infernal Pre-Igniter  
  101  9:43  Supply Depot, Siege Tank  
  101  9:45  Supply Depot  
  104  9:46  Supply Depot  
  104  9:47  Hellion x3, Supply Depot  
  104  9:48  Hellion x3, Supply Depot  
  104  9:49  Supply Depot  
  104  9:50  Siege Tank x2  
  104  9:51  Siege Tank  
  125  9:55  Starport Reactor  
  125  10:02  Starport  
  125  10:32  SCV x3  
  125  10:34  Command Center  
  128  10:48  Planetary Fortress  
  128  10:52  SCV x3  
  131  11:02  Thor x4  
  155  11:04  SCV x3  
  155  11:08  Starport Reactor  
  158  11:15  Hellion x2  
  158  11:17  Hellion x2  
  158  11:18  Hellion x2  
  170  11:41  Viking x2  
  170  11:46  Siege Tank x3  
  183  12:04  SCV x4  
  183  12:07  Refinery  
  187  12:09  Refinery  
  187  12:16  SCV x2  
  189  12:27  Hellion x3  
  189  12:28  Hellion x2  
  142  12:47  Hellion x3  
  142  12:48  Thor x2  
  160  12:51  Viking x3  
  160  12:52  Viking  
  160  12:55  SCV x4  
  172  13:07  SCV x3  
  172  13:08  SCV, Thor x2  
  188  13:32  Viking x2  
  188  13:33  Viking  
  194  13:39  Supply Depot  
  194  13:40  SCV  
  195  14:01  Viking, SCV x3  
  200  14:52  SCV  
  182  15:06  Thor x4  
  173  15:07  Hellion x4  
  173  15:08  Hellion  
Show
View Real Time Build Order
Export as new Build Order

SeafimV Terran - Winner!

Build Orders:  

Get SALT Encoding   

  12  0:01  SCV  
  13  0:16  Supply Depot  
  13  0:17  SCV  
  14  0:29  SCV  
  14  0:31  Refinery  
  15  0:41  SCV  
  16  0:45  Barracks  
  16  0:55  SCV  
  17  1:05  Engineering Bay  
  17  1:07  SCV  
  18  1:19  SCV  
  19  1:34  Refinery  
  19  1:36  Orbital Command  
  19  1:46  Barracks Reactor  
  19  1:52  Factory  
  19  2:01  SCV  
  20  2:13  SCV  
  20  2:14  Terran Infantry Weapons Level 1  
  21  2:23  Supply Depot  
  21  2:25  SCV  
  22  2:32  Marine  
  23  2:39  Supply Depot  
  23  2:44  Marine, SCV  
  23  2:47  Factory Tech Lab  
  23  2:50  Marine  
  23  2:51  Starport  
  26  2:56  SCV  
  27  3:02  Marine  
  28  3:08  Marine, SCV  
  30  3:20  Marine  
  30  3:21  Siege Tank  
  34  3:31  Starport Tech Lab  
  34  3:53  Siege Tank  
  37  3:58  Refinery  
  37  4:07  Refinery  
  36  4:24  Command Center  
  36  4:57  Viking  
  36  5:27  Viking  
  38  5:41  Orbital Command  
  38  5:45  Refinery  
  38  6:08  Siege Tank  
  38  6:11  Refinery, Marine x2  
  42  6:13  Command Center  
  42  6:28  Marine  
  42  6:29  Marine  
  37  6:41  Siege Tank  
  37  6:42  Viking  
  37  6:46  Marine x2  
  44  6:56  SCV  
  45  7:04  Marine x2  
  47  7:08  SCV  
  47  7:12  Viking  
  47  7:13  Siege Tank  
  53  7:17  SCV  
  54  7:36  Supply Depot  
  54  7:43  Fusion Core  
  54  7:58  Viking, SCV x2, Siege Tank  
  61  7:59  Supply Depot  
  61  8:08  Marine  
  62  8:20  Marine  
  62  8:21  SCV x2  
  62  8:22  Supply Depot  
  62  8:26  Marine  
  66  8:30  Siege Tank  
  66  8:33  SCV  
  70  8:38  Supply Depot  
  70  8:43  Marine x2  
  70  8:44  Supply Depot  
  70  8:45  SCV  
  70  8:57  SCV  
  70  9:00  Supply Depot  
  70  9:01  Marine x2  
  72  9:09  SCV  
  73  9:19  Marine x2  
  73  9:21  SCV  
  73  9:22  Weapon Refit  
  76  9:33  SCV  
  76  9:36  Missile Turret  
  76  9:37  Missile Turret, Marine x2  
  76  9:38  Missile Turret  
  79  9:40  Missile Turret  
  79  9:41  Missile Turret  
  79  9:42  Missile Turret  
  79  9:45  SCV  
  80  9:58  SCV  
  81  10:03  Missile Turret  
  81  10:04  Missile Turret  
  81  10:05  Missile Turret  
  81  10:06  Missile Turret  
  81  10:07  Missile Turret  
  81  10:10  SCV  
  82  10:35  Refinery, Missile Turret  
  82  10:36  Missile Turret  
  82  10:40  Missile Turret x2  
  82  10:48  Starport  
  82  10:54  Starport  
  82  11:01  Refinery  
  69  11:11  Missile Turret  
  69  11:13  SCV  
  70  11:29  Command Center  
  70  11:43  Starport Tech Lab  
  70  11:45  Starport Tech Lab  
  70  11:49  Missile Turret  
  70  12:20  Sensor Tower  
  70  12:43  Battlecruiser  
  76  12:59  Orbital Command  
  76  13:12  Orbital Command  
  76  13:36  Hi-Sec Auto Tracking  
  76  13:47  SCV  
  67  14:04  SCV  
  59  14:16  SCV  
  60  14:19  Battlecruiser x2  
  72  14:29  SCV  
  73  14:41  SCV  
  74  14:53  SCV  
  75  15:05  SCV  
  66  15:17  SCV  
  79  15:32  Refinery  
  79  15:33  Refinery  
Show
View Real Time Build Order
Export as new Build Order

Nigrnog Zerg 

Build Orders: Hatch First 

Get SALT Encoding   

  12  0:01  Drone  
  13  0:12  Overlord  
  13  0:19  Drone  
  14  0:31  Drone x2  
  14  0:35  Drone  
  17  0:45  Drone  
  18  1:00  Drone, Hatchery  
  18  1:07  Drone  
  19  1:14  Extractor  
  18  1:18  Spawning Pool  
  18  1:20  Drone  
  18  1:45  Drone x2  
  20  1:54  Drone  
  20  2:01  Drone  
  22  2:11  Queen, Hatchery  
  22  2:12  Overlord  
  23  2:18  Queen  
  25  2:32  Drone x2  
  25  2:34  Metabolic Boost  
  25  2:36  Drone x2  
  29  2:42  Zergling x2  
  29  2:44  Zergling x2  
  31  2:53  Spine Crawler  
  30  3:00  Drone  
  30  3:01  Drone x2  
  32  3:28  Drone x4  
  32  3:29  Drone  
  32  3:31  Extractor  
  32  3:34  Extractor  
  35  3:36  Extractor  
  35  3:40  Queen  
  36  3:42  Drone x2  
  38  3:49  Drone x2  
  40  3:57  Hatchery  
  38  4:25  Drone, Baneling Nest  
  38  4:26  Drone x3  
  39  4:48  Zergling x4  
  39  4:49  Overlord x2  
  39  4:50  Overlord x4  
  41  5:13  Drone x4  
  41  5:14  Drone x2  
  47  5:27  Overlord x2  
  47  5:28  Hatchery  
  47  5:31  Drone x3  
  47  5:32  Queen  
  51  5:37  Drone x3  
  51  5:39  Baneling x7  
  54  5:43  Lair  
  54  5:52  Drone  
  55  5:58  Drone  
  55  5:59  Hatchery  
  55  6:05  Zergling x12  
  55  6:08  Queen  
  63  6:12  Roach Warren  
  62  6:20  Drone x2  
  62  6:23  Extractor  
  62  6:24  Drone x2  
  62  6:25  Drone x4  
  69  6:30  Spore Crawler  
  68  6:35  Spore Crawler x2  
  66  6:42  Drone  
  67  6:47  Spore Crawler  
  67  6:51  Baneling x9  
  67  6:52  Baneling  
  66  6:54  Spore Crawler  
  66  6:56  Spore Crawler  
  66  6:59  Drone x3  
  66  7:00  Drone x3  
  70  7:05  Drone x3  
  73  7:11  Drone x4  
  73  7:13  Overseer  
  77  7:26  Spire  
  77  7:28  Glial Reconstitution, Spire  
  75  7:31  Roach x2  
  79  7:40  Drone x3  
  79  7:41  Queen  
  84  7:52  Drone x7, Extractor  
  84  7:53  Drone x3  
  84  7:57  Overlord  
  93  7:59  Queen  
  93  8:01  Overlord  
  93  8:04  Overlord  
  95  8:07  Drone x2  
  95  8:08  Drone  
  95  8:10  Drone x2  
  100  8:17  Drone x3  
  103  8:27  Roach  
  103  8:28  Roach x7  
  103  8:29  Roach  
  121  8:34  Drone x3  
  121  8:35  Drone  
  121  8:41  Overlord x3  
  125  8:45  Overlord  
  125  8:47  Overlord  
  125  9:01  Drone x3  
  128  9:05  Spine Crawler  
  128  9:07  Spore Crawler, Spine Crawler  
  128  9:08  Drone  
  128  9:09  Drone x2  
  128  9:12  Roach x2  
  128  9:13  Roach x9  
  150  9:22  Evolution Chamber  
  150  9:23  Overseer x3  
  149  9:24  Evolution Chamber  
  149  9:31  Extractor  
  147  9:43  Drone x2  
  149  9:46  Extractor  
  149  9:48  Drone x3, Extractor  
  149  9:49  Drone x7  
  157  9:55  Zerg Ground Armor Level 1  
  157  9:57  Zerg Missile Weapons Level 1  
  157  10:00  Centrifical Hooks  
  157  10:06  Zerg Flyer Weapons Level 1  
  157  10:07  Zerg Flyer Armor Level 1  
  157  10:10  Overlord x5  
  157  10:11  Corruptor x4, Overlord x2  
  165  10:19  Overlord x2  
  165  10:29  Drone x3  
  165  10:30  Drone x2  
  170  10:37  Spine Crawler  
  170  10:38  Spine Crawler  
  170  10:40  Drone x2, Queen  
  170  10:41  Drone x5  
  177  10:43  Corruptor x5  
  187  11:03  Corruptor x4  
  192  11:15  Drone  
  192  11:16  Drone x4, Mutalisk  
  199  11:39  Extractor  
  198  11:40  Overlord  
  198  11:41  Overlord x2  
  198  11:43  Pneumatized Carapace  
  198  11:47  Baneling x2  
  183  12:13  Corruptor x2, Mutalisk x6  
  183  12:14  Corruptor x7  
  183  12:15  Corruptor x3  
  186  12:43  Roach x8  
  200  12:58  Infestation Pit  
  197  13:03  Mutalisk  
  199  13:06  Zerg Flyer Weapons Level 2  
  199  13:08  Zerg Flyer Armor Level 2  
  193  14:24  Hive  
Show
View Real Time Build Order
Export as new Build Order

MooEsqoo Protoss 

Build Orders: 1 Gate Expand, Oracle Opening 

Get SALT Encoding   

  12  0:01  Probe  
  13  0:16  Pylon  
  14  0:21  Probe  
  14  0:35  Gateway  
  14  0:40  Assimilator  
  14  0:42  Probe (Chrono Boost)  
  15  0:52  Probe (Chrono Boost)  
  16  0:57  Probe  
  17  1:22  Nexus  
  17  1:29  Probe (Chrono Boost)  
  18  1:38  Probe (Chrono Boost)  
  19  1:43  Probe (Chrono Boost)  
  20  1:54  Cybernetics Core  
  20  1:55  Pylon  
  20  2:01  Probe  
  21  2:04  Assimilator  
  21  2:08  Zealot (Chrono Boost)  
  21  2:13  Probe  
  24  2:25  Pylon  
  24  2:26  Probe  
  25  2:35  Stargate  
  25  2:41  Stalker (Chrono Boost)  
  27  2:46  Warp Gate  
  27  2:49  Probe  
  27  2:50  Probe  
  29  3:01  Probe  
  29  3:02  Probe  
  31  3:09  Shield Battery  
  31  3:16  Stalker  
  31  3:17  Oracle (Chrono Boost)  
  36  3:29  Probe  
  36  3:30  Pylon, Probe  
  38  3:41  Probe  
  38  3:42  Probe  
  40  3:53  Probe  
  40  3:54  Probe  
  42  3:56  Assimilator  
  42  4:00  Assimilator  
  42  4:05  Probe  
  42  4:06  Robotics Facility, Probe  
  42  4:08  Oracle  
  47  4:17  Probe  
  47  4:18  Probe  
  47  4:23  Shield Battery  
  49  4:26  Shield Battery  
  49  5:02  Probe x2  
  52  5:14  Probe x2  
  52  5:16  Pylon  
  52  5:17  Stalker  
  55  5:26  Probe x2, Gateway  
  57  5:28  Gateway  
  57  5:30  Gateway  
  57  5:33  Gateway, Observer (Chrono Boost)  
  58  5:38  Probe x2  
  60  5:45  Warp Prism (Chrono Boost), Nexus  
  60  5:49  Pylon  
  62  5:51  Stalker  
  64  6:02  Probe  
  64  6:03  Probe  
  66  6:14  Probe  
  66  6:15  Probe  
  68  6:19  Forge, Immortal  
  68  6:20  Twilight Council  
  64  6:57  Protoss Ground Weapons Level 1 (Chrono Boost)  
  64  7:02  Charge (Chrono Boost)  
  64  7:13  Stalker x2  
  64  7:14  Stalker x3  
  74  7:23  Probe x3  
  77  7:34  Void Ray  
  77  7:35  Probe x3  
  84  7:37  Templar Archives  
  84  7:42  Shield Battery  
  84  7:44  Assimilator  
  84  7:47  Probe  
  84  7:48  Assimilator  
  84  7:50  Pylon  
  85  7:53  Probe x2  
  91  7:58  Immortal  
  91  7:59  Probe  
  91  8:05  Probe  
  93  8:08  Probe  
  93  8:09  Shield Battery  
  93  8:11  Probe  
  93  8:12  Shield Battery  
  95  8:15  Shield Battery  
  95  8:20  Pylon  
  95  8:21  Pylon  
  95  8:24  Pylon  
  95  8:25  Pylon  
  95  8:26  Gateway  
  95  8:27  Pylon, Gateway  
  95  8:29  Pylon  
  95  8:31  Pylon  
  95  8:39  Gateway  
  95  8:41  High Templar x2  
  95  8:42  High Templar x2, Zealot, Gateway  
  95  8:45  Archon  
  95  8:46  Archon  
  105  8:57  Void Ray  
  109  9:04  Probe x2  
  109  9:05  Probe  
  112  9:10  Protoss Ground Weapons Level 2 (Chrono Boost)  
  112  9:16  High Templar x4  
  120  9:17  Zealot  
  120  9:20  Archon x2  
  120  9:24  High Templar x2  
  126  9:28  Archon  
  126  9:39  High Templar x2  
  126  9:40  Zealot  
  126  9:43  Archon  
  126  9:45  Nexus  
  132  9:46  Pylon  
  132  9:57  Fleet Beacon  
  132  10:13  Stargate  
  132  10:16  Zealot  
  132  10:17  Zealot x5  
  132  10:18  Zealot x3  
  150  10:31  Pylon  
  150  10:32  Pylon  
  150  10:34  Pylon  
  150  10:36  Pylon  
  150  10:38  Pylon  
  150  10:40  Pylon  
  150  11:02  Zealot x7  
  150  11:03  Zealot x2  
  168  11:25  High Templar  
  168  11:26  High Templar x2  
  168  11:27  High Templar x2  
  168  11:28  High Templar x3  
  168  11:29  Zealot  
  168  11:30  Archon  
  168  11:31  Archon x2  
  168  11:32  Archon  
  186  12:05  Zealot x6  
  186  12:06  Zealot  
  66  12:45  High Templar x3  
  66  12:46  High Templar x3  
  66  12:47  High Templar x2  
  66  12:48  Zealot  
  66  12:49  Archon x2  
  66  12:50  Archon  
  66  12:51  Archon  
  84  13:11  Probe  
  84  13:12  Probe x3  
  88  13:40  High Templar x2  
  88  13:41  High Templar x4  
  94  13:42  High Templar x2  
  94  13:43  Zealot  
  94  13:44  Archon  
  94  13:45  Archon x2  
  94  13:46  Archon  
  106  13:55  Shield Battery  
  106  13:57  Shield Battery  
  106  13:58  Shield Battery  
  106  14:00  Pylon  
  106  14:04  Assimilator  
  106  14:08  Zealot  
  106  14:09  Assimilator  
  108  14:17  Zealot x2  
  108  14:18  Zealot x6  
  124  14:31  Shield Battery  
  124  14:41  High Templar x4  
  124  14:42  High Templar x2  
  124  14:44  Zealot x3  
  142  14:46  Archon  
  142  14:47  Archon x2  
  99  15:07  Zealot x3  
  85  15:19  Zealot x5  
  85  15:20  Zealot  
Tags
 
Add a new tag
Caveats
  • Supply blocks, unpowered buildings, or Contaminate may cause inaccurate times.
  • Supply counts are checked every 10 seconds.